| TOP OF THE 1ST |
|
Joplin Blasters batting - Pitching for Oakland Oaks : RHP Jasper Schrijver
|
|
Pitching: RHP Jasper Schrijver
|
|
|
Batting: RHB Angel Melendez
|
0-0: Foul Ball, location: 2F 0-1: Swinging Strike 0-2: SINGLE (Groundball, 34D, EV 106.9 MPH)
|
|
Batting: RHB Dustin Peterson
|
0-0: Called Strike 0-1: Ball 1-1: Ball 2-1: SINGLE (Groundball, 56D, EV 104.4 MPH) Angel Melendez to second
|
|
Batting: RHB Mike McClung
|
0-0: Foul Ball, location: 2F 0-1: Ball 1-1: Swinging Strike 1-2: Ball 2-2: Strikes out swinging
|
|
Batting: RHB Steve Huebner
|
0-0: Ball 1-0: Ball 2-0: Ball 3-0: Base on Balls Angel Melendez to third Dustin Peterson to second
|
|
Batting: RHB Alex Valadez
|
0-0: Swinging Strike 0-1: Foul Ball, location: 2F 0-2: Ball 1-2: Reached on error, E4 (Groundball, 4, EV 80.6 MPH) Angel Melendez scores Dustin Peterson to third Steve Huebner to second
|
|
Batting: RHB Kevin Lea
|
0-0: Called Strike 0-1: Swinging Strike 0-2: Ball 1-2: Fly out, F8 (Flyball, 8RD, EV 97.5 MPH) Runner from 3rd tags up, SCORES, throw by CF Steve Huebner to third
|
|
Batting: RHB Jin-hoi Hur
|
0-0: Ball 1-0: Called Strike 1-1: Fly out, F8 (Flyball, 89S, EV 91.2 MPH)
|
| Top of the 1st over - 2 runs, 2 hits, 1 error, 2 left on base; Joplin 2 - Oakland 0 |
| BOTTOM OF THE 1ST |
|
Oakland Oaks batting - Pitching for Joplin Blasters : RHP Jay Foster
|
|
Pitching: RHP Jay Foster
|
|
|
Batting: LHB Chris Davidson
|
0-0: Fly out, F8 (Flyball, 8RM, EV 88.8 MPH)
|
|
Batting: RHB Robby Britton
|
0-0: Foul Ball, location: 2F 0-1: Ball 1-1: Foul Ball, location: 2F 1-2: Ball 2-2: Foul Ball, location: 2F 2-2: Ball 3-2: Strikes out swinging
|
|
Batting: LHB Justin LeFlore
|
0-0: Ball 1-0: Called Strike 1-1: Fly out, F4 (Popup, 4M, EV 50.6 MPH)
|
| Bottom of the 1st over - 0 runs, 0 hits, 0 errors, 0 left on base; Joplin 2 - Oakland 0 |
| TOP OF THE 2ND |
|
Joplin Blasters batting - Pitching for Oakland Oaks : RHP Jasper Schrijver
|
|
Batting: LHB Josh Lane
|
0-0: Ground out 6-3 (Groundball, 6M, EV 92.5 MPH)
|
|
Batting: RHB Jaden Brown
|
0-0: Foul Ball, location: 2F 0-1: Ball 1-1: Ball 2-1: Ball 3-1: Fly out, F5 (Popup, 25F, EV 83.1 MPH)
|
|
Batting: RHB Angel Melendez
|
0-0: Ball 1-0: Foul Ball, location: 2F 1-1: Foul Ball, location: 2F 1-2: Strikes out swinging
|
| Top of the 2nd over - 0 runs, 0 hits, 0 errors, 0 left on base; Joplin 2 - Oakland 0 |
| BOTTOM OF THE 2ND |
|
Oakland Oaks batting - Pitching for Joplin Blasters : RHP Jay Foster
|
|
Batting: SHB Chris King
|
0-0: Ball 1-0: Ball 2-0: Foul Ball, location: 2F 2-1: Swinging Strike 2-2: Ball 3-2: Base on Balls
|
|
Batting: RHB Moises Guzman
|
0-0: Ball 1-0: Foul Ball, location: 2F 1-1: Swinging Strike 1-2: Ball 2-2: Strikes out swinging
|
|
Batting: RHB Mario Medina
|
0-0: Ball 1-0: Ball 2-0: Called Strike 2-1: Ball 3-1: Fly out, F8 (Flyball, 8RS, EV 89.4 MPH)
|
|
Batting: RHB Edwin Nunez
|
0-0: Ball 1-0: Ball 2-0: Ball 3-0: Called Strike 3-1: Swinging Strike 3-2: Strikes out swinging
|
| Bottom of the 2nd over - 0 runs, 0 hits, 0 errors, 1 left on base; Joplin 2 - Oakland 0 |
| TOP OF THE 3RD |
|
Joplin Blasters batting - Pitching for Oakland Oaks : RHP Jasper Schrijver
|
|
Batting: RHB Dustin Peterson
|
0-0: Foul Ball, location: 2F 0-1: Hit by Pitch
|
|
Batting: RHB Mike McClung
|
0-0: Foul Ball, location: 2F 0-1: Called Strike 0-2: Fly out, F9 (Flyball, 89S, EV 87.5 MPH)
|
|
Batting: RHB Steve Huebner
|
0-0: Ball 1-0: SINGLE (Groundball, 6D, EV 115.6 MPH) Dustin Peterson to second
|
|
Batting: RHB Alex Valadez
|
0-0: Called Strike 0-1: Called Strike 0-2: Ball 1-2: Foul Ball, location: 2F 1-2: Strikes out swinging
|
|
Batting: RHB Kevin Lea
|
0-0: Fly out, F8 (Flyball, 8RD, EV 83.1 MPH)
|
| Top of the 3rd over - 0 runs, 1 hit, 0 errors, 2 left on base; Joplin 2 - Oakland 0 |
| BOTTOM OF THE 3RD |
|
Oakland Oaks batting - Pitching for Joplin Blasters : RHP Jay Foster
|
|
Batting: RHB Jack Stadner
|
0-0: Ball 1-0: Ball 2-0: Called Strike 2-1: Ground out 6-3 (Groundball, 6M, EV 93.1 MPH)
|
|
Batting: RHB Matt Nehman
|
0-0: Ball 1-0: Reached on error, E6 (Groundball, 6, EV 80.6 MPH)
|
|
Batting: LHB Chris Davidson
|
0-0: Ball 1-0: Called Strike 1-1: Swinging Strike 1-2: Ball 2-2: Fly out, F8 (Flyball, 8LD, EV 103.1 MPH)
|
|
Batting: RHB Robby Britton
|
0-0: Swinging Strike 0-1: Ball 1-1: Called Strike 1-2: Fielders Choice at 2nd, 5-4 (Groundball, 56, EV 79.4 MPH)
|
| Bottom of the 3rd over - 0 runs, 0 hits, 1 error, 1 left on base; Joplin 2 - Oakland 0 |
| TOP OF THE 4TH |
|
Joplin Blasters batting - Pitching for Oakland Oaks : RHP Jasper Schrijver
|
|
Batting: RHB Jin-hoi Hur
|
0-0: Foul Ball, location: 2F 0-1: Ball 1-1: Swinging Strike 1-2: Strikes out swinging
|
|
Batting: LHB Josh Lane
|
0-0: Fly out, F7 (Flyball, 7, EV 85.0 MPH)
|
|
Batting: RHB Jaden Brown
|
0-0: Called Strike 0-1: Ball 1-1: Foul Ball, location: 2F 1-2: Foul Ball, location: 2F 1-2: Ground out 4-3 (Groundball, 34, EV 90.6 MPH)
|
| Top of the 4th over - 0 runs, 0 hits, 0 errors, 0 left on base; Joplin 2 - Oakland 0 |
| BOTTOM OF THE 4TH |
|
Oakland Oaks batting - Pitching for Joplin Blasters : RHP Jay Foster
|
|
Batting: LHB Justin LeFlore
|
0-0: SINGLE (Line Drive, 8RS, EV 96.2 MPH)
|
|
Batting: SHB Chris King
|
0-0: Ball 1-0: TRIPLE (Line Drive, 9LD, EV 113.8 MPH) Justin LeFlore scores
|
|
Batting: RHB Moises Guzman
|
0-0: Ball 1-0: Called Strike 1-1: Swinging Strike 1-2: Strikes out looking
|
|
Batting: RHB Mario Medina
|
0-0: Called Strike 0-1: Ball 1-1: Ball 2-1: Foul Ball, location: 2F 2-2: Ball 3-2: SINGLE (Line Drive, 6D, EV 93.8 MPH) Chris King scores
|
|
Pitching: RHP Robert Carlos
|
|
|
Batting: RHB Edwin Nunez
|
0-0: Ball 1-0: Ball 2-0: Called Strike 2-1: Fly out, F8 (Line Drive, 8RD, EV 85.0 MPH)
|
|
Batting: RHB Jack Stadner
|
0-0: SINGLE (Line Drive, 56D, EV 105.0 MPH) Mario Medina to second
|
|
Batting: RHB Matt Nehman
|
0-0: Called Strike 0-1: Fly out, F9 (Flyball, 9, EV 93.8 MPH)
|
| Bottom of the 4th over - 2 runs, 4 hits, 0 errors, 2 left on base; Joplin 2 - Oakland 2 |
| TOP OF THE 5TH |
|
Joplin Blasters batting - Pitching for Oakland Oaks : RHP Jasper Schrijver
|
|
Batting: RHB Angel Melendez
|
0-0: Foul Ball, location: 2F 0-1: Ball 1-1: Foul Ball, location: 2F 1-2: Foul Ball, location: 2F 1-2: Strikes out swinging
|
|
Batting: RHB Dustin Peterson
|
0-0: Called Strike 0-1: Ball 1-1: SINGLE (Groundball, 56S, EV 69.4 MPH) (infield hit)
|
|
Batting: RHB Mike McClung
|
0-0: SINGLE (Groundball, 56D, EV 96.2 MPH) Dustin Peterson to second
|
|
Batting: RHB Steve Huebner
|
0-0: Grounds into double play, 6-4-3 (Groundball, 6, EV 105.0 MPH)
|
| Top of the 5th over - 0 runs, 2 hits, 0 errors, 1 left on base; Joplin 2 - Oakland 2 |
| BOTTOM OF THE 5TH |
|
Oakland Oaks batting - Pitching for Joplin Blasters : RHP Robert Carlos
|
|
Batting: LHB Chris Davidson
|
0-0: Called Strike 0-1: Fly out, F8 (Flyball, 89M, EV 95.6 MPH)
|
|
Batting: RHB Robby Britton
|
0-0: Ball 1-0: Called Strike 1-1: Foul Ball, location: 2F 1-2: Strikes out swinging
|
|
Batting: LHB Justin LeFlore
|
0-0: Ball 1-0: Swinging Strike 1-1: Foul Ball, location: 2F 1-2: Ball 2-2: Foul Ball, location: 2F 2-2: Hit by Pitch
|
|
Batting: SHB Chris King
|
0-0: Ball Justin LeFlore is caught stealing 2nd base 2-6
|
| Bottom of the 5th over - 0 runs, 0 hits, 0 errors, 0 left on base; Joplin 2 - Oakland 2 |
| TOP OF THE 6TH |
|
Joplin Blasters batting - Pitching for Oakland Oaks : RHP Jasper Schrijver
|
|
Batting: RHB Alex Valadez
|
0-0: SINGLE (Groundball, 4M, EV 104.4 MPH)
|
|
Batting: RHB Kevin Lea
|
0-0: Foul Ball, location: 2F 0-1: Called Strike 0-2: Ball 1-2: Strikes out looking
|
|
Pitching: RHP Josh Rayburn
|
|
|
Batting: RHB Mike Stokes
|
0-0: Ball Alex Valadez is caught stealing 2nd base 2-4 1-0: Called Strike 1-1: Ball 2-1: DOUBLE (Line Drive, 9LM, EV 106.9 MPH)
|
|
Batting: LHB Josh Lane
|
0-0: Called Strike 0-1: Ball 1-1: Called Strike 1-2: Foul Ball, location: 2F 1-2: Ball 2-2: Strikes out looking
|
| Top of the 6th over - 0 runs, 2 hits, 0 errors, 1 left on base; Joplin 2 - Oakland 2 |
| BOTTOM OF THE 6TH |
|
Oakland Oaks batting - Pitching for Joplin Blasters : RHP Robert Carlos
|
|
Batting: SHB Chris King
|
0-0: Called Strike 0-1: Foul Ball, location: 2F 0-2: Strikes out looking
|
|
Batting: RHB Moises Guzman
|
0-0: Called Strike 0-1: Ball 1-1: Ball 2-1: Ground out 4-3 (Groundball, 4, EV 100.0 MPH)
|
|
Batting: RHB Mario Medina
|
0-0: Ball 1-0: Ball 2-0: Ground out 1-3 (Groundball, 13, EV 70.6 MPH)
|
| Bottom of the 6th over - 0 runs, 0 hits, 0 errors, 0 left on base; Joplin 2 - Oakland 2 |
| TOP OF THE 7TH |
|
Joplin Blasters batting - Pitching for Oakland Oaks : RHP Josh Rayburn
|
|
Batting: RHB Jaden Brown
|
0-0: Ground out 4-3 (Groundball, 34, EV 86.2 MPH)
|
|
Pinch Hitting: RHB Tanner Holland
|
0-0: Ball 1-0: SINGLE (Groundball, 6MD, EV 101.9 MPH)
|
|
Batting: RHB Dustin Peterson
|
0-0: Fielders Choice at 2nd, 4-6 (Groundball, 4S, EV 87.5 MPH)
|
|
Now at SS: Alex Vidal
|
|
|
Batting: RHB Mike McClung
|
0-0: Ball 1-0: Ball 2-0: Fly out, F7 (Line Drive, 78M, EV 90.6 MPH)
|
| Top of the 7th over - 0 runs, 1 hit, 0 errors, 1 left on base; Joplin 2 - Oakland 2 |
| BOTTOM OF THE 7TH |
|
Oakland Oaks batting - Pitching for Joplin Blasters : RHP Robert Carlos
|
|
Now at 2B: Bobby Leon
|
|
|
Pinch Hitting: LHB Brian Canny
|
0-0: Ball 1-0: Ball 2-0: Called Strike 2-1: DOUBLE (Flyball, 8RXD, EV 113.1 MPH)
|
|
Batting: RHB Jack Stadner
|
0-0: Intentional Walk
|
|
Pinch Hitting: LHB Justin Conley
|
0-0: Bunted foul 0-1: Sac Bunt to 5S - play at first, batter OUT! 5-4 Brian Canny to third Jack Stadner to second
|
|
Batting: LHB Chris Davidson
|
0-0: Intentional Walk
|
|
Batting: RHB Alex Vidal
|
0-0: SINGLE (Line Drive, 7S, EV 96.2 MPH) Brian Canny scores Jack Stadner to third Chris Davidson to second
|
|
Batting: LHB Justin LeFlore
|
0-0: Hit by Pitch Jack Stadner scores Chris Davidson to third Alex Vidal to second
|
|
Batting: SHB Chris King
|
0-0: Grounds into double play, 6-2-3 (Groundball, 6, EV 79.4 MPH)
|
| Bottom of the 7th over - 2 runs, 2 hits, 0 errors, 2 left on base; Joplin 2 - Oakland 4 |
| TOP OF THE 8TH |
|
Joplin Blasters batting - Pitching for Oakland Oaks : RHP Josh Rayburn
|
|
Now at 1B: Jonathan Grabowski
|
|
|
Now at 3B: Ernie McLean
|
|
|
Pinch Hitting: RHB Colin Padgett
|
0-0: Called Strike 0-1: Ball 1-1: Foul Ball, location: 2F 1-2: Ball 2-2: Ground out 4-3 (Groundball, 4, EV 101.9 MPH)
|
|
Pinch Hitting: RHB Luis Mendoza
|
0-0: Ball 1-0: Ball 2-0: Called Strike 2-1: Called Strike 2-2: Fly out, F7 (Flyball, 7S, EV 83.1 MPH)
|
|
Batting: RHB Kevin Lea
|
0-0: Called Strike 0-1: Ball 1-1: Ball 2-1: Foul Ball, location: 2F 2-2: Ball 3-2: Foul Ball, location: 2F 3-2: Base on Balls
|
|
Batting: RHB Mike Stokes
|
0-0: Called Strike 0-1: Ball 1-1: Fly out, F9 (Flyball, 89M, EV 86.2 MPH)
|
| Top of the 8th over - 0 runs, 0 hits, 0 errors, 1 left on base; Joplin 2 - Oakland 4 |
| BOTTOM OF THE 8TH |
|
Oakland Oaks batting - Pitching for Joplin Blasters : RHP Robert Carlos
|
|
Now in CF: Nate Brewer
|
|
|
Now in RF: Esteban Acuna
|
|
|
Batting: RHB Moises Guzman
|
0-0: Ball 1-0: SINGLE (Flyball, 9LS, EV 91.9 MPH)
|
|
Batting: RHB Mario Medina
|
0-0: Foul Ball, location: 2F 0-1: Swinging Strike 0-2: Ball 1-2: Ball 2-2: Ball 3-2: Base on Balls Moises Guzman to second
|
|
Batting: RHB Ernie McLean
|
0-0: SINGLE (Groundball, 6S, EV 63.8 MPH) (infield hit) Moises Guzman to third Mario Medina to second
|
|
Batting: RHB Jack Stadner
|
0-0: Ball 1-0: Fly out, F7 (Line Drive, 7LM, EV 93.1 MPH)
|
|
Pinch Hitting: RHB Pat Betancourt
|
0-0: Ball 1-0: Ball 2-0: Fly out, F8 (Flyball, 8LD, EV 93.1 MPH) Runner from 3rd tags up, OUT at HOME! 8-2
|
| Bottom of the 8th over - 0 runs, 2 hits, 0 errors, 2 left on base; Joplin 2 - Oakland 4 |
| TOP OF THE 9TH |
|
Joplin Blasters batting - Pitching for Oakland Oaks : RHP Josh Rayburn
|
|
Pitching: LHP Jason Hahn
|
|
|
Now at 1B: Franklin Lucero
|
|
|
Pinch Hitting: RHB Cody Marshall
|
0-0: Called Strike 0-1: Ball 1-1: Ball 2-1: Called Strike 2-2: Hit by Pitch
|
|
Pinch Hitting: RHB Carlos Castillo
|
0-0: Swinging Strike 0-1: Foul Ball, location: 2F 0-2: Strikes out swinging
|
|
Pinch Hitting: RHB Rade Mamula
|
0-0: Called Strike 0-1: 2-RUN HOME RUN (Flyball, 89XD, EV 115.6 MPH), Distance : 456 ft
|
|
Batting: RHB Dustin Peterson
|
0-0: Swinging Strike 0-1: Hit by Pitch
|
|
Batting: RHB Mike McClung
|
0-0: Ball 1-0: Called Strike 1-1: Ball 2-1: Swinging Strike 2-2: Foul Ball, location: 2F 2-2: Strikes out swinging
|
|
Batting: RHB Esteban Acuna
|
0-0: Ball 1-0: Fly out, F9 (Line Drive, 9, EV 105.0 MPH)
|
| Top of the 9th over - 2 runs, 1 hit, 0 errors, 1 left on base; Joplin 4 - Oakland 4 |
| BOTTOM OF THE 9TH |
|
Oakland Oaks batting - Pitching for Joplin Blasters : RHP Robert Carlos
|
|
Now at C: Willie Marquez
|
|
|
Now at 2B: Rade Mamula
|
|
|
Now at 3B: Cody Marshall
|
|
|
Batting: LHB Chris Davidson
|
0-0: Called Strike 0-1: Called Strike 0-2: Hit by Pitch
|
|
Batting: RHB Alex Vidal
|
0-0: Ball 1-0: Foul Ball, location: 2F 1-1: Ball 2-1: Swinging Strike 2-2: Ball 3-2: 2-RUN HOME RUN (Flyball, 9D, EV 99.4 MPH), Distance : 404 ft
|
| Bottom of the 9th over - 2 runs, 1 hit, 0 errors, 0 left on base; Joplin 4 - Oakland 6 |
|